 Dungeon Crawl Stone Soup version 0.31-a0-187-gba352fbbf7 (webtiles) character file.

Game seed: 8214365712863858428

439594 Anon1729 the Unseen (level 23, -6/210 (213) HPs)
             Began as an Octopode Monk on June 22, 2023.
             Was the Champion of Hepliaklqana.
             Killed from afar by an ice dragon (30 damage)
             ... with a blast of cold
             ... on level 2 of the Depths.
             The game lasted 03:01:21 (59988 turns).

Anon1729 the Unseen (Octopode Monk)                Turns: 59988, Time: 03:01:22

HP:   -6/210 (213)  AC: 16    Str: 28    XL:     23   Next: 74%
MP:   11/46         EV: 20    Int: 39    God:    Hepliaklqana [******]
Gold: 2772          SH:  5    Dex: 18    Spells: 6/42 levels left

rFire   + +          .
                       - Unarmed
rCold   . . .        b - melded orb {light}
rNeg    . . .        W - melded +2 hat
rPois   +            c - amulet of Qufug {Reflect Contam Int+7 SH+5}
rElec   .            o - +5 ring of evasion
rCorr   .            w - ring of willpower
SInv    +            A - ring of protection from cold
Will    ++...        B - ring of the Mantidfly {Wiz Dex+2 SInv}
Stlth   +++          I - +6 ring of intelligence
HPRegen 0.55/turn    J - +6 ring of intelligence
MPRegen 0.30/turn    U - +6 ring of strength
                     R - ring of magical power

%: random rage (3%), reflection, wizardry (x1)
@: dragon-form, flying, contaminated, glowing, lightly drained
A: dragon claw, dragon scales, breathe fire, flying, boosted hp, reduced
essence, almost no armour, amphibious, 8 rings, giant, (camouflage 1),
(gelatinous body 1), (nimble swimmer 1), (tentacles), (tentacle spike 1),
berserk 1, wild magic 1
}: 3/15 runes: decaying, abyssal, gossamer
a: Breathe Fire, End Transformation, Renounce Religion, Recall Ancestor,
Ancestor Identity, Transference, Idealise


You were on level 2 of the Depths.
You worshipped Hepliaklqana.
Hepliaklqana was exalted by your worship.
You were a fearsome dragon!
You visited 9 branches of the dungeon, and saw 40 of its levels.
You visited the Abyss 3 times.
You also visited: Ossuary, Bailey and Ice Cave.

You collected 5151 gold pieces.
You spent 2379 gold pieces at shops.

Inventory:

Missiles
 d - 4 throwing nets
 P - 8 curare-tipped darts
Armour
 b - an orb of light (melded)
 k - a +0 kite shield of cold resistance
 W - a +2 hat (melded)
Jewellery
 c - the amulet of Qufug (around neck) {Reflect Contam Int+7 SH+5}
   (You took it off a deep elf blademaster on level 2 of the Elven Halls)

   [amulet of reflection]

   It reflects blocked missile attacks.
   Int:       It affects your intelligence (+7).
   Contam:    It causes magical contamination when unequipped.
   SH:        It affects your SH (+5).
 o - a +5 ring of evasion (left foreclaw)
 w - a ring of willpower (right foreclaw)
 z - the ring "Zoguroag" {rCorr Dex+5}
   (You took it off a deep elf pyromancer on level 3 of the Elven Halls)

   [ring of resist corrosion]

   Dex:       It affects your dexterity (+5).
   rCorr:     It protects you from acid and corrosion.
 A - a ring of protection from cold (on tentacle)
 B - the ring of the Mantidfly (on tentacle) {Wiz Dex+2 SInv}
   (You took it off a deep elf demonologist on level 3 of the Elven Halls)

   [ring of wizardry]

   It improves your spell success rate.
   Dex:       It affects your dexterity (+2).
   SInv:      It lets you see invisible.
 I - a +6 ring of intelligence (on tentacle)
 J - a +6 ring of intelligence (on tentacle)
 M - the ring of Balance {rN+ Dex+3}
   (You found it on level 2 of the Vaults)

   [ring of positive energy]

   Dex:       It affects your dexterity (+3).
   rN:        It protects you from negative energy.
 R - a ring of magical power (on tentacle)
 U - a +6 ring of strength (on tentacle)
Wands
 f - a wand of flame (40)
 l - a wand of digging (3)
 m - a wand of mindburst (11)
 y - a wand of quicksilver (8)
 K - a wand of charming (58)
 L - a wand of roots (4)
Scrolls
 e - 8 scrolls of poison
 h - 21 scrolls of teleportation
 i - 14 scrolls of fear
 n - 4 scrolls of torment
 p - 10 scrolls of amnesia
 q - 3 scrolls of vulnerability
 r - 3 scrolls of immolation
 x - 3 scrolls of butterflies
 C - a scroll of blinking
 O - 3 scrolls of enchant armour
 Q - 7 scrolls of revelation
 T - a scroll of silence
 V - 7 scrolls of fog
 Z - a scroll of brand weapon
Potions
 a - 5 potions of resistance
 j - 6 potions of cancellation
 s - 7 potions of haste
 t - 3 potions of attraction
 u - 5 potions of lignification
 v - 2 potions of berserk rage
 D - 4 potions of heal wounds
 E - 5 potions of curing
 F - 7 potions of might
 G - 6 potions of enlightenment
 H - 2 potions of invisibility
 N - 5 potions of magic
 X - 5 potions of brilliance
 Y - 4 potions of ambrosia
Miscellaneous
 g - a lightning rod (4/4)
 S - a condenser vane


   Skills:
 + Level 13.6 Fighting
 + Level 9.8 Throwing
 + Level 13.4 Dodging
 + Level 19.8 Stealth
 + Level 1.4 Shields
 + Level 13.2 Unarmed Combat
 + Level 10.1 Spellcasting
 + Level 12.6 Conjurations
 - Level 5.0 Hexes
 + Level 19.6 Transmutations
 - Level 9.0 Earth Magic
 - Level 12.0 Poison Magic
 + Level 12.6 Invocations
 + Level 11.2 Evocations


You had 6 spell levels left.
You knew the following spells:

 Your Spells              Type           Power      Damage    Failure   Level
a - Passwall              Tmut/Erth      89%        N/A       1%          2
b - Irradiate             Conj/Tmut      56%        3d30      1%          5
c - Dragon Form           Tmut           61%        N/A       1%          7
d - Alistair's Intoxicat  Tmut/Pois      74%        N/A       1%          5
e - Eringya's Noxious Bo  Tmut/Pois      56%        N/A       1%          6
f - Statue Form           Tmut/Erth      71%        N/A       1%          6
g - Yara's Violent Unrav  Hex/Tmut       50%        3d19      1%          5

Your spell library contained the following spells:

 Spells                   Type           Power      Damage    Failure   Level
 Freeze                   Ice            100%       1d10      1%          1
 Shock                    Conj/Air       100%       1d9       1%          1
 Slow                     Hex            100%       N/A       1%          1
 Summon Small Mammal      Summ           100%       N/A       1%          1
 Call Imp                 Summ           50%        N/A       1%          2
 Ensorcelled Hibernation  Hex/Ice        100%       N/A       1%          2
 Lesser Beckoning         Tloc           50%        N/A       1%          2
 Scorch                   Fire           50%        2d7       1%          2
 Confusing Touch          Hex            66%        N/A       1%          3
 Dazzling Flash           Conj/Hex       100%       N/A       1%          3
 Hailstorm                Conj/Ice       74%        3d15      1%          3
 Inner Flame              Hex/Fire       50%        N/A       1%          3
 Stone Arrow              Conj/Erth      100%       3d13      1%          3
 Cause Fear               Hex            33%        N/A       1%          4
 Flame Wave               Conj/Fire      74%        2d16      1%          4
 Ice Form                 Ice/Tmut       90%        N/A       1%          4
 Iskenderun's Mystic Bla  Conj/Tloc      74%        2d15      1%          4
 Leda's Liquefaction      Hex/Erth       38%        N/A       1%          4
 Blade Hands              Tmut           61%        N/A       1%          5
 Lee's Rapid Deconstruct  Erth           43%        3d21*     1%          5
 Leda's Unmaking          Conj/Erth      47%        9d8       2%          6
 Frozen Ramparts          Ice            50%        1d8       3%          3
 Gell's Gravitas          Tloc           25%        N/A       3%          3
 Swiftness                Air            25%        N/A       3%          3
 Teleport Other           Tloc           25%        N/A       3%          3
 Vampiric Draining        Necr           25%        2d7       3%          3
 Anguish                  Hex/Necr       25%        N/A       4%          4
 Borgnjor's Vile Clutch   Necr/Erth      31%        N/A       5%          5
 Summon Ice Beast         Ice/Summ       25%        N/A       11%         4
 Silence                  Hex/Air        25%        N/A       11%         5
 Summon Mana Viper        Hex/Summ       50%        N/A       11%         5
 Conjure Ball Lightning   Conj/Air       37%        3x3d12    12%         6
 Agony                    Necr           25%        N/A       26%         5
 Summon Forest            Summ/Tloc      12%        N/A       26%         5
 Simulacrum               Ice/Necr       12%        N/A       77%         6
 Summon Cactus Giant      Summ           12%        N/A       77%         6
 Storm Form               Tmut/Air       45%        N/A       16%         7
 Spellforged Servitor     Conj/Summ      37%        N/A       47%         7
 Enfeeble                 Hex            33%        N/A       65%         7
 Monstrous Menagerie      Summ           12%        N/A       99%         7
 Discord                  Hex            33%        N/A       99%         8
 Disjunction              Tloc           12%        N/A       100%        8


Dungeon Overview and Level Annotations

Branches:
Dungeon (15/15)            Temple (1/1) D:7            Lair (5/5) D:11
  Swamp (4/4) Lair:3       Spider (4/4) Lair:2        Slime (0/5) Lair:5
    Orc (2/2) D:12            Elf (3/3) Orc:2        Vaults (4/5) D:14
  Crypt (0/3) Vaults:2     Depths (2/4) D:15        Ossuary (visited)
 Bailey (visited)           IceCv (visited)

Altars:
Ashenzari
Cheibriados
Dithmenos
Elyvilon
Fedhas
Gozag
Hepliaklqana
Kikubaaqudgha
Makhleb
Nemelex Xobeh
Okawaru
Qazlal
Ru
Sif Muna
Trog
Uskayaw
Vehumet
Wu Jian
Xom
Yredelemnul
Zin
The Shining One
Jiyva

Shops:
D:5 *   Orc:2 ?[:   Elf:1 [   Vaults:1 *   Vaults:2 ?

Portals:
Hell: Depths:1 Depths:2
Abyss: Depths:1
Ziggurat: Depths:1

Annotations:
D:4 exclusion: 2 killer bees, Menkaure
D:6 exclusion: downstairs
D:9 1 runed translucent door, funkygono's ghost, novice MiFi


Innate Abilities, Weirdness & Mutations

You are a fearsome dragon!
You have a powerful clawing attack.
Your giant scaled body is strong and resiliant, but less evasive.
You can breathe fire.
You are flying.
Your maximum health is greatly increased.
Your armour is entirely melded.
You are incapable of wielding weapons or throwing items.
Your life essence is reduced to manifest your ancestor. (-10% HP)
You cannot wear most types of armour.
You are amphibious.
You can wear up to eight rings at the same time.
((Your skin changes colour to match your surroundings (Stealth+).))
((Your rubbery body absorbs attacks. (AC +1, EV +1)))
((You are camouflaged when in or above water. (Stealth+)))
((You have tentacles for arms and can constrict up to eight enemies at once.))
((One of your tentacles bears a spike.))
You sometimes lose your temper in combat.
Your spells are a little harder to cast, but a little more powerful.


Message History

The hell knight twists and deforms.
The unravelling engulfs the hell knight!!
You kill the hell knight!
Agathocles hits the green ugly thing with a +0 broad axe of flaming!
Agathocles burns the green ugly thing.
Agathocles hits the ice dragon with a +0 broad axe of flaming.
Agathocles burns the ice dragon.
The hell knight barely misses you.
The ice dragon bites Agathocles!
The ice dragon claws Agathocles but does no damage.
The ice dragon tramples Agathocles!
Agathocles is shoved backwards!
You catch the helpless ice dragon completely off-guard!
You hit the ice dragon.
You bite the ice dragon, but do no damage.
The ice dragon is severely wounded.
Agathocles barely misses the ice dragon.
Agathocles hits the hell knight with a +0 broad axe of flaming!
The hell knight utters an invocation to its god.
The hell knight seems to speed up.
The hell knight mumbles some strange prayers to its god.
The hell knight seems to speed up.
The ice dragon bites you but does no damage.
The ice dragon claws you.
* * * LOW HITPOINT WARNING * * *
The ice dragon tramples you!
* * * LOW HITPOINT WARNING * * *
You hold your ground!
Blink to where?
Press: ? - help, Dir - move target, p - hell knight
Okay, then.
Blink to where?
Press: ? - help, Dir - move target, p - hell knight
As you read the scroll of blinking, it crumbles to dust.
The hell knight hits Agathocles but does no damage.
Agathocles barely misses the ice dragon.
Agathocles closely misses the hell knight.
The ice dragon breathes frost at you.
The blast of cold hits Agathocles!
Agathocles resists.
The blast of cold hits you!!
You die...

##.##......
#...#.....#
#.p.'..)..#
#..#.....#
##.p##...#
#..p)#§..#
#...RDp..#
#...§#°..#
#D##.#...+
#.######.#
...#...#.#
....'.[.'.#
######'###.##
..... ##'#
......#..#
......#.)#######
......##'##....#


You could see the friendly Agathocles the knight (fast, reflecting), an ice
dragon (catching breath, ally target) and 4 hell knights.

Vanquished Creatures
  Frederick (Vaults:2)
  A caustic shrike (Spider:4)
  Margery (Vaults:2)
  Arachne (Spider:4)
  Zenata (Elf:2)
  2 deep elf blademasters (Elf:2)
  2 deep elf master archers (Elf:3)
  3 tentacled starspawn (Abyss:4)
  Frances (Spider:2)
  Agnes (Elf:2)
  An Executioner (Abyss:4)
  A sphinx (Depths:2)
  Kirke (Lair:3)
  A thorn hunter (Swamp:4)
  A tengu reaver (Vaults:3)
  Donald (Elf:2)
  A fenstrider witch (Lair:3)
  4 deep elf sorcerers
  3 ghost moths (Spider:4)
  3 frost giants
  2 fire giants
  15 vault wardens
  6 emperor scorpions
  5 deep elf elementalists (Elf:3)
  2 orc warlords
  2 ghouls (Swamp:3)
  2 formless jellyfish (Vaults:4)
  Louise (Swamp:1)
  8 very ugly things
  18 ironbound preservers
  A broodmother (Spider:2)
  A stone giant (shapeshifter) (D:15)
  4 ironbound thunderhulks
  3 stone giants
  6 deep elf demonologists
  4 eleionomae
  5 bunyips
  2 dire elephants (Vaults:2)
  7 deep elf annihilators
  6 spark wasps
  5 deep elf death magi
  3 ettins (Depths:1)
  3 fire dragons (Depths:1)
  7 yaktaur captains
  A deep elf high priest (Elf:3)
  6 entropy weavers
  A great orb of eyes (Vaults:2)
  2 rakshasas
  3 ice dragons
  A shambling mangrove (Swamp:4)
  Erolcha (Orc:2)
  A peacekeeper (Vaults:3)
  6 jorogumos
  5 spriggan air magi
  3 ironbound frosthearts
  11 vault guards
  3 ogre magi (Orc:2)
  21 hydras
  2 catoblepae (Lair:4)
  A radroach (Spider:2)
  3 two-headed ogres
  3 ghost crabs
  A merfolk avatar (Abyss:4)
  9 centaur warriors
  4 boulder beetles
  2 satyrs (Abyss:4)
  A naga warrior (Abyss:4)
  14 death yaks
  5 demonic crawlers
  A hell hog (Abyss:4)
  6 alligators
  A spriggan berserker (Swamp:4)
  A tengu warrior (Swamp:3)
  22 dancing weapons
  3 orc high priests (Orc:2)
  2 spriggans
  5 hell knights
  3 wretched stars (Abyss:4)
  Nergalle (Orc:2)
  A fire crab (Lair:4)
  A sixfirhy (Abyss:4)
  11 deep elf knights
  8 pharaoh ants
  58 deep trolls
  3 skeletal warriors (D:12)
  A flayed ghost (Depths:1)
  3 sun moths
  2 spriggan druids
  4 goliath frogs
  4 orb spiders
  15 deep elf archers
  8 swamp dragons
  3 glowing orange brains
  8 wizards
  8 steelbarb worms
  8 lindwurms
  A shadow demon (Abyss:4)
  A harpy (shapeshifter) (D:13)
  17 deep elf pyromancers
  8 starcursed masses (Abyss:4)
  20 wolf spiders
  10 bog bodies
  A phantasmal warrior (Vaults:2)
  4 harpies (Vaults:4)
  9 ironbound convokers
  5 necromancers
  21 deep elf zephyrmancers
  4 orc sorcerers
  2 cyclopes
  26 ugly things
  5 orc knights
  A will-o-the-wisp (Lair:3)
  A wolf spider (shapeshifter) (Depths:1)
  A guardian serpent (Abyss:4)
  12 vault sentinels
  2 manticores (D:15)
  3 moths of wrath
  Maurice (D:13)
  15 elephants
  3 black mambas
  4 apocalypse crabs (Abyss:4)
  A black mamba (shapeshifter) (D:13)
  3 smoke demons (Abyss:4)
  19 cane toads
  An orange demon (Abyss:4)
  3 torpor snails
  An unseen horror (shapeshifter) (D:14)
  An efreet (D:15)
  An unseen horror (D:13)
  7 rime drakes
  3 freezing wraiths
  A komodo dragon (shapeshifter) (D:14)
  12 yaktaurs
  A tengu conjurer (D:15)
  7 komodo dragons
  A yaktaur (shapeshifter) (Elf:2)
  3 ancient zymes (Abyss:4)
  3 polar bears (IceCv)
  A tarantella (shapeshifter) (Elf:2)
  6 large abominations (Abyss:4)
  2 hornets (shapeshifter) (D:14)
  4 meliai
  3 trolls
  20 tarantellas
  2 wind drakes (shapeshifter)
  A bloated husk (Swamp:2)
  4 dream sheep (Lair:5)
  8 tyrant leeches
  10 hornets
  9 raiju (Abyss:4)
  11 blink frogs
  36 slime creatures
  4 water elementals
  25 culicivoras
  39 jumping spiders
  A ynoxinul (Abyss:4)
  A vampire (D:11)
  Sigmund (D:3)
  6 air elementals
  A shadow (D:12)
  A wraith (D:10)
  40 yaks
  Eustachio (D:5)
  3 wyverns
  2 hogs (Lair:3)
  6 basilisks
  4 small abominations (Abyss:4)
  A chaos spawn (Abyss:4)
  2 neqoxecs (Abyss:4)
  54 redbacks
  7 swamp worms
  A swamp worm (shapeshifter) (Vaults:3)
  6 wargs
  Edmund (D:5)
  21 vampire mosquitoes
  Duvessa (D:7)
  17 water moccasins
  16 orc warriors
  8 swamp drakes
  A black bear (D:8)
  7 ogres
  12 wolves
  13 centaurs
  3 boggarts (Vaults:1)
  2 kobold brigands
  14 bullfrogs
  2 gnoll sergeants
  A necrophage (Swamp:3)
  2 scorpions (D:4)
  3 earth elementals
  12 wights
  Dowan (D:7)
  3 killer bees
  7 electric eels
  2 howler monkeys
  3 hounds
  A quasit (Abyss:4)
  A jelly (Abyss:4)
  13 orc priests
  2 gnoll boudas (D:6)
  3 human zombies (Ossuary)
  An iron imp (Abyss:4)
  2 iguanas
  20 orc wizards
  2 mummies
  19 gnolls
  7 adders
  2 shadow imps
  A white imp (D:7)
  3 ufetubi
  A worm (D:4)
  3 dart slugs
  59 orcs
  4 ball pythons
  6 endoplasms
  A giant cockroach (D:1)
  2 hobgoblins
  2 jackals (D:2)
  3 quokkas
  7 bats
  2 frilled lizards
  12 goblins
  14 kobolds
  2 rats
  A lurking horror (Abyss:4)
  4 starspawn tentacles (Abyss:4)
1370 creatures vanquished.

Vanquished Creatures (collateral kills)
  Saint Roka (Vaults:2)
  A tentacled monstrosity (Abyss:4)
  A shard shrike skeleton (Abyss:4)
  A tentacled starspawn (Abyss:4)
  2 deep elf elementalists (Elf:3)
  4 ironbound preservers
  An orc warlord (Vaults:3)
  5 very ugly things
  3 ghost moths
  5 ironbound thunderhulks
  3 eleionomae
  A bunyip (Swamp:2)
  A spark wasp (Spider:4)
  A dire elephant (Vaults:2)
  A shambling mangrove (Swamp:3)
  An ettin (Depths:1)
  3 yaktaur captains
  A deep elf high priest (Elf:3)
  6 hydras
  An ice dragon (Depths:1)
  3 jorogumos
  3 centaur warriors
  3 boulder beetles
  An ironbound frostheart (Vaults:1)
  A radroach (Spider:4)
  A dancing weapon (Elf:2)
  2 alligators (Swamp:4)
  5 death yaks
  A naga warrior (Abyss:4)
  4 deep elf knights
  4 hell knights
  A skeletal warrior (D:15)
  2 sun moths
  2 goliath frogs
  A pharaoh ant (Spider:3)
  7 deep trolls
  5 swamp dragons
  A spriggan druid (Swamp:1)
  10 orb spiders
  4 deep elf archers
  A glowing orange brain (Depths:1)
  2 necromancers (Vaults:2)
  4 wizards
  An ironbound convoker (Vaults:2)
  2 lindwurms
  4 deep elf pyromancers
  5 ugly things
  3 wolf spiders
  3 orc sorcerers (Orc:2)
  4 deep elf zephyrmancers
  4 cyclopes
  2 will-o-the-wisps
  2 manticores
  An oklob plant (Lair:2)
  A worldbinder (Abyss:4)
  An apocalypse crab (Abyss:4)
  5 vault sentinels
  A black mamba (Lair:5)
  An ice statue (IceCv)
  11 cane toads
  5 elephants
  7 rime drakes
  3 komodo dragons
  10 yaktaurs
  3 tengu conjurers
  5 trolls
  2 meliai (Spider:3)
  4 polar bears
  5 tyrant leeches
  6 tarantellas
  A hornet (Spider:4)
  A bloated husk (Swamp:2)
  A raiju (Abyss:4)
  4 blink frogs
  3 dream sheep (Lair:5)
  A shadow (D:12)
  12 culicivoras
  4 slime creatures
  11 jumping spiders
  A small abomination (Abyss:4)
  A large abomination (Abyss:4)
  2 wyverns
  2 water elementals
  25 yaks
  A spriggan (Swamp:2)
  A hog (Lair:3)
  15 redbacks
  A vampire mosquito (Swamp:1)
  A basilisk (Lair:2)
  A steam dragon (D:8)
  8 swamp worms
  A floating eye (Depths:1)
  An acid dragon (D:9)
  8 water moccasins
  10 orc warriors
  2 swamp drakes (Swamp:4)
  An ogre (Orc:1)
  3 wolves
  3 centaurs (D:14)
  A kobold brigand (D:11)
  3 gnoll sergeants
  2 bullfrogs
  An earth elemental (Elf:1)
  10 wights
  2 killer bees (D:11)
  2 electric eels (Lair:3)
  8 orc wizards (Orc:2)
  11 gnolls
  24 orcs
  2 kobolds
  2 butterflies (Lair:1)
406 creatures vanquished.

Vanquished Creatures (others)
  2 yaktaur captains
  An entropy weaver (Spider:3)
  An alligator (Swamp:4)
  A hell knight (Vaults:2)
  A deep elf zephyrmancer (Elf:1)
  A wolf spider (Spider:3)
  A yaktaur (Vaults:2)
  A bloated husk (Swamp:4)
  A tyrant leech (Spider:3)
  A culicivora (Spider:4)
  A fire elemental (Elf:1)
  A swamp worm (Swamp:4)
  A warg (Vaults:4)
  A boggart (Vaults:1)
  A howler monkey (D:8)
  59 knights
  16 foxfires
  A lurking horror (Abyss:4)
  6 starspawn tentacles (Abyss:4)
98 creatures vanquished.

Grand Total: 1874 creatures vanquished

Notes
Turn   | Place    | Note
-------+----------+-------------------------------------------
     0 | D:1      | Anon1729 the Octopode Monk began the quest for the Orb.
     0 | D:1      | Reached XP level 1. HP: 16/16 MP: 1/1
   137 | D:1      | Reached XP level 2. HP: 20/21 MP: 2/2
   219 | D:1      | Reached XP level 3. HP: 23/26 MP: 3/3
  1271 | D:3      | Found a faded altar of an unknown god.
  1297 | D:3      | Noticed Sigmund
  1327 | D:3      | Killed Sigmund
  1328 | D:3      | Reached XP level 4. HP: 10/33 MP: 4/4
  1328 | D:3      | Reached XP level 5. HP: 12/37 MP: 5/5
  2260 | D:4      | Reached XP level 6. HP: 29/43 MP: 6/6
  2367 | D:4      | Noticed Menkaure
  2477 | D:4      | Found an ancient bone altar of Kikubaaqudgha.
  2492 | D:4      | Found a shimmering blue altar of Sif Muna.
  2511 | D:4      | Found a radiant altar of Vehumet.
  2732 | D:4      | Reached skill level 5 in Stealth
  2749 | D:4      | Found an iron altar of Okawaru.
  2753 | D:4      | Found a basalt altar of Yredelemnul.
  2758 | D:4      | Found a shadowy altar of Dithmenos.
  2779 | D:4      | Reached XP level 7. HP: 38/49 MP: 7/7
  2930 | D:4      | Identified the +9 dagger "Trog's Fury" {venom, rCorr}
  3304 | D:5      | Entered Level 5 of the Dungeon
  3394 | D:5      | Found Rumympapp's Retail Resort.
  3401 | D:5      | Bought a potion of resistance for 140 gold pieces
  3530 | D:5      | Found a sacrificial altar of Ru.
  4092 | D:6      | Gained mutation: You are clumsy. (Dex -2) [potion of
                  | mutation]
  4092 | D:6      | Gained mutation: You possess an exceptional clarity of
                  | mind. [potion of mutation]
  4092 | D:6      | Gained mutation: Your flesh is cold resistant. (rC+)
                  | [potion of mutation]
  4104 | D:6      | Reached skill level 1 in Transmutations
  4325 | D:6      | Reached skill level 5 in Fighting
  4334 | D:6      | Noticed Edmund
  4497 | D:6      | Noticed Eustachio
  4511 | D:5      | Killed Eustachio
  4512 | D:5      | Reached skill level 5 in Dodging
  4512 | D:5      | Reached skill level 5 in Unarmed Combat
  4512 | D:5      | Reached XP level 8. HP: 48/55 MP: 8/8
  4677 | D:5      | Killed Edmund
  5142 | D:6      | Found a stormy altar of Qazlal.
  5371 | D:7      | Noticed Dowan
  5372 | D:7      | Noticed Duvessa
  5394 | D:6      | HP: 1/55 [poisoned by Duvessa]
  5606 | D:7      | Found a sand-covered staircase.
  5616 | Ossuary  | Entered an ossuary
  5761 | D:7      | Found a staircase to the Ecumenical Temple.
  5767 | Temple   | Entered the Ecumenical Temple
  5922 | D:7      | Found a blossoming altar of Fedhas.
  6009 | D:7      | Found a hazy altar of Hepliaklqana.
  6017 | D:7      | Became a worshipper of Hepliaklqana the Forgotten
  6017 | D:7      | Reached * piety under Hepliaklqana
  6017 | D:7      | Reached ** piety under Hepliaklqana
  6018 | D:7      | Remembered your ancestor Agathocles as a knight
  6066 | D:7      | Found a flagged portal.
  6088 | Bailey   | Entered a bailey
  6323 | Bailey   | Reached XP level 9. HP: 47/55 MP: 9/9
  6365 | Bailey   | Reached skill level 1 in Conjurations
  6517 | Bailey   | Identified the staff "Moniu" {rF+ rC+ Dex+2 Stlth+ Ice}
  6540 | Bailey   | Reached skill level 1 in Spellcasting
  6948 | D:7      | Killed Duvessa
  6955 | D:7      | Killed Dowan
  7047 | D:7      | Reached skill level 10 in Stealth
  7498 | D:8      | Reached XP level 10. HP: 24/62 MP: 13/13
  8694 | D:10     | Entered Level 10 of the Dungeon
  8696 | D:10     | Reached skill level 1 in Invocations
  8696 | D:10     | Reached skill level 1 in Evocations
  9260 | D:9      | Reached *** piety under Hepliaklqana
  9615 | D:9      | Reached XP level 11. HP: 67/67 MP: 16/16
  9710 | D:9      | Noticed a two-headed ogre
  9803 | D:9      | Killed a two-headed ogre
  9804 | D:9      | Reached skill level 5 in Transmutations
 10121 | D:9      | Found a runed translucent door.
 10288 | D:9      | Noticed funkygono's ghost (novice MiFi)
 10325 | D:9      | Identified the +7 trident of Nitzacoe {freeze, Str+3 Int+4
                  | Stlth-}
 10766 | D:10     | Noticed a purple ugly thing
 10788 | D:10     | Killed a purple ugly thing
 10906 | D:10     | Noticed a boulder beetle
 10920 | D:10     | Killed a boulder beetle
 11658 | D:11     | Noticed a boulder beetle
 11718 | D:11     | Killed a boulder beetle
 12052 | D:11     | Found a blossoming altar of Fedhas.
 12423 | D:11     | Reached skill level 5 in Conjurations
 12472 | D:11     | Found a staircase to the Lair.
 12622 | D:11     | Learned a level 2 spell: Passwall
 12628 | D:11     | Learned a level 5 spell: Irradiate
 12636 | D:11     | Learned a level 7 spell: Dragon Form
 12696 | Lair:1   | Entered Level 1 of the Lair of Beasts
 12722 | Lair:1   | Reached XP level 12. HP: 29/73 MP: 18/18
 12932 | Lair:1   | Reached **** piety under Hepliaklqana
 13264 | Lair:1   | Found a frozen archway.
 13288 | IceCv    | Entered an ice cave
 13310 | IceCv    | Reached skill level 5 in Invocations
 13535 | IceCv    | Noticed a death yak
 13536 | IceCv    | Noticed a death yak
 13538 | IceCv    | Noticed a death yak
 13554 | IceCv    | Killed a death yak
 13588 | IceCv    | Killed a death yak
 13592 | IceCv    | Killed a death yak
 13915 | IceCv    | Noticed a frost giant
 13915 | IceCv    | Noticed a death yak
 13917 | IceCv    | Upgraded the game from 0.31-a0-182-gc5ef74bbde to
                  | 0.31-a0-187-gba352fbbf7
 14202 | IceCv    | Killed a frost giant
 14480 | IceCv    | Reached XP level 13. HP: 78/80 MP: 19/19
 16727 | Lair:2   | Found a hole to the Spider Nest.
 17338 | Lair:3   | Found a staircase to the Swamp.
 17457 | Lair:3   | You fall into a shaft and drop 2 floors!
 17457 | Lair:5   | Entered Level 5 of the Lair of Beasts
 17559 | Lair:4   | Reached ***** piety under Hepliaklqana
 17759 | Lair:3   | Reached XP level 14. HP: 17/87 MP: 4/20
 18255 | Lair:3   | Noticed Kirke
 18278 | Lair:3   | Killed Kirke
 18279 | Lair:3   | Reached skill level 15 in Stealth
 18547 | Lair:4   | Reached skill level 1 in Throwing
 19170 | Lair:4   | Reached skill level 5 in Spellcasting
 19894 | Lair:4   | Reached skill level 5 in Evocations
 20062 | Lair:4   | Gained mutation: You occasionally lose the ability to drink
                  | potions when taking damage. [mutagenic glow]
 20714 | Lair:4   | Reached skill level 10 in Transmutations
 21446 | Lair:4   | Reached XP level 15. HP: 69/92 MP: 20/22
 21703 | Lair:5   | Identified the +5 mace "Efokhe" {protect, rCorr Int+5}
 22532 | Lair:5   | Found a staircase to the Slime Pits.
 22532 | Lair:5   | Found a viscous altar of Jiyva.
 22591 | Lair:5   | Identified the +7 chain mail of Ghostly Liberty {Dex+3}
 23559 | D:12     | Found a staircase to the Orcish Mines.
 24572 | D:13     | Reached skill level 15 in Transmutations
 24942 | D:13     | Noticed Maurice
 24946 | D:13     | Killed Maurice
 25151 | D:13     | Reached ****** piety under Hepliaklqana
 25888 | D:14     | Found a gate to the Vaults.
 25892 | D:14     | Paralysed by a hornet for 1 turns
 25953 | D:14     | Reached XP level 16. HP: 97/97 MP: 23/23
 26456 | D:15     | Entered Level 15 of the Dungeon
 26990 | D:15     | Found a staircase to the Depths.
 27122 | D:15     | Found a runed translucent door.
 27791 | Orc:1    | Entered Level 1 of the Orcish Mines
 28532 | Orc:2    | Entered Level 2 of the Orcish Mines
 28885 | Orc:2    | Found a staircase to the Elven Halls.
 28951 | Orc:2    | Reached skill level 1 in Poison Magic
 29179 | Orc:2    | Noticed Nergalle
 29184 | Orc:2    | Killed Nergalle
 29221 | Orc:2    | Found Onaesmeq's Distillery.
 29285 | Orc:2    | Bought a potion of might for 56 gold pieces
 29285 | Orc:2    | Bought a potion of cancellation for 112 gold pieces
 29285 | Orc:2    | Bought a potion of enlightenment for 70 gold pieces
 29285 | Orc:2    | Bought a potion of brilliance for 56 gold pieces
 29285 | Orc:2    | Bought a potion of ambrosia for 112 gold pieces
 29285 | Orc:2    | Bought a potion of magic for 112 gold pieces
 29285 | Orc:2    | Bought a potion of ambrosia for 112 gold pieces
 29285 | Orc:2    | Bought a potion of curing for 42 gold pieces
 29285 | Orc:2    | Bought a potion of degeneration for 14 gold pieces
 29311 | Orc:2    | Found a radiant altar of Vehumet.
 29312 | Orc:2    | Noticed Erolcha
 29320 | Orc:2    | Killed Erolcha
 29328 | Orc:2    | Found Hetel's Book Boutique.
 29336 | Orc:2    | Found Heedirphy's Magic Scroll Shop.
 29356 | Orc:2    | Found Pyxzodae's Antique Armour Shop.
 29361 | Orc:2    | Bought a scroll of fog for 56 gold pieces
 29361 | Orc:2    | Bought a scroll of blinking for 105 gold pieces
 29361 | Orc:2    | Bought 3 scrolls of teleportation for 126 gold pieces
 29389 | Orc:2    | Found an ancient bone altar of Kikubaaqudgha.
 29637 | Orc:2    | Reached skill level 10 in Fighting
 29801 | Orc:2    | Bought a scroll of identify for 28 gold pieces
 29802 | Orc:2    | Bought a scroll of identify for 28 gold pieces
 30075 | Elf:1    | Entered Level 1 of the Elven Halls
 30078 | Elf:1    | Paralysed by an air elemental for 1 turns
 30082 | Orc:2    | Paralysed by an air elemental for 1 turns
 30089 | Orc:2    | Paralysed by an air elemental for 1 turns
 30092 | Orc:2    | Paralysed by an air elemental for 1 turns
 30264 | Orc:2    | Bought Great Wizards, Vol. II for 570 gold pieces
 30271 | Orc:2    | Learned a level 5 spell: Alistair's Intoxication
 30278 | Orc:2    | Learned a level 6 spell: Eringya's Noxious Bog
 30746 | Elf:1    | Paralysed by an air elemental for 1 turns
 30753 | Elf:1    | Paralysed by an air elemental for 1 turns
 30830 | Elf:1    | Found Piutop's Armour Shoppe.
 30872 | Elf:1    | Reached XP level 17. HP: 103/103 MP: 22/25
 31082 | Elf:1    | Got the Guide on Bruises
 31281 | Elf:1    | Reached skill level 10 in Dodging
 31649 | Elf:1    | Paralysed by an air elemental for 1 turns
 31739 | Elf:1    | Reached skill level 10 in Unarmed Combat
 32818 | Elf:2    | Noticed Agnes
 32832 | Elf:2    | Killed Agnes
 32931 | Elf:2    | Found a shimmering blue altar of Sif Muna.
 32948 | Elf:2    | Reached skill level 5 in Poison Magic
 33228 | Elf:2    | Found a huge runed translucent gate.
 33228 | Elf:2    | Found a huge runed translucent gate.
 33228 | Elf:2    | Found a huge runed translucent gate.
 33228 | Elf:2    | Found a huge runed translucent gate.
 33229 | Elf:2    | Found a huge runed translucent gate.
 33903 | Elf:2    | Gained mutation: Your body sometimes deteriorates upon
                  | taking damage. [mutagenic glow]
 34372 | Elf:2    | Noticed Zenata
 34486 | Elf:2    | Killed Zenata
 34682 | Elf:3    | Entered Level 3 of the Elven Halls
 34890 | Elf:3    | Noticed a deep elf blademaster
 35004 | Elf:3    | Reached XP level 18. HP: 109/109 MP: 27/27
 35010 | Elf:3    | Noticed an Ice Fiend
 35322 | Elf:3    | Identified the +0 halberd of Cruel Justice {pain, rN++
                  | Dex+2 SInv Stlth-}
 35326 | Elf:3    | Identified the +1 flail "Reqenih" {heavy, rPois Int+3}
 35326 | Elf:3    | Paralysed by an air elemental for 1 turns
 35329 | Abyss:4  | Found a corrupted altar of Lugonu.
 35329 | Abyss:4  | Cast into level 4 of the Abyss (a deep elf sorcerer)
 35333 | Abyss:4  | Found a corrupted altar of Lugonu.
 35357 | Abyss:4  | Reached skill level 5 in Throwing
 35600 | Abyss:4  | Lost mutation: You possess an exceptional clarity of mind.
                  | [mutagenic glow]
 35605 | Abyss:4  | Reached skill level 10 in Conjurations
 35711 | Abyss:4  | Gained mutation: Your spells are a little easier to cast,
                  | but a little less powerful. [mutagenic glow]
 35713 | Abyss:4  | Lost mutation: Your body sometimes deteriorates upon taking
                  | damage. [potion of mutation]
 35713 | Abyss:4  | Lost mutation: Your flesh is cold resistant. (rC+) [potion
                  | of mutation]
 35713 | Abyss:4  | Lost mutation: You are clumsy. (Dex -2) [potion of
                  | mutation]
 35713 | Abyss:4  | Gained mutation: Your magical capacity is low. (-10% MP)
                  | [potion of mutation]
 35714 | Abyss:4  | Lost mutation: Your magical capacity is low. (-10% MP)
                  | [potion of mutation]
 35714 | Abyss:4  | Lost mutation: You occasionally lose the ability to drink
                  | potions when taking damage. [potion of mutation]
 35714 | Abyss:4  | Lost mutation: Your spells are a little easier to cast, but
                  | a little less powerful. [potion of mutation]
 35714 | Abyss:4  | Gained mutation: You are clumsy. (Dex -2) [potion of
                  | mutation]
 35714 | Abyss:4  | Gained mutation: You sometimes lose your temper in combat.
                  | [potion of mutation]
 35714 | Abyss:4  | Gained mutation: You are frail. (-10% HP) [potion of
                  | mutation]
 35714 | Abyss:4  | Gained mutation: Your flesh is heat resistant. (rF+)
                  | [potion of mutation]
 35715 | Abyss:4  | Lost mutation: You sometimes lose your temper in combat.
                  | [potion of mutation]
 35715 | Abyss:4  | Lost mutation: You are frail. (-10% HP) [potion of
                  | mutation]
 35715 | Abyss:4  | Lost mutation: Your flesh is heat resistant. (rF+) [potion
                  | of mutation]
 35715 | Abyss:4  | Gained mutation: One of your tentacles bears a spike.
                  | [potion of mutation]
 35715 | Abyss:4  | Gained mutation: Your spells are a little harder to cast,
                  | but a little more powerful. [potion of mutation]
 35718 | Abyss:4  | Gained mutation: You are weak. (Str -2) [mutagenic glow]
 35731 | Elf:3    | Escaped the Abyss
 35731 | Elf:3    | Paralysed by an air elemental for 1 turns
 36027 | Elf:3    | Identified the ring "Zoguroag" {rCorr Dex+5}
 36027 | Elf:3    | Noticed Donald
 36030 | Elf:3    | Identified the +0 falchion "Ocwue" {holy, rC+}
 36047 | Elf:3    | Identified the amulet of Qufug {Reflect Contam Int+7 SH+5}
 36047 | Elf:3    | Noticed a deep elf blademaster
 36051 | Elf:2    | Killed a deep elf blademaster
 36096 | Elf:2    | Killed Donald
 36271 | Elf:2    | Killed a deep elf blademaster
 36588 | Abyss:4  | Cast into level 4 of the Abyss (a deep elf sorcerer)
 36590 | Abyss:4  | Found a corrupted altar of Lugonu.
 36642 | Elf:3    | Escaped the Abyss
 37061 | Elf:3    | Identified the ring of the Mantidfly {Wiz Dex+2 SInv}
 37103 | Elf:3    | Noticed a deep elf master archer
 37117 | Elf:3    | Killed a deep elf master archer
 37238 | Elf:3    | Noticed an Ice Fiend
 37894 | Elf:3    | Noticed a deep elf master archer
 37903 | Elf:3    | Killed a deep elf master archer
 38098 | Elf:3    | Identified the +5 orcbow of Disharmony {flame, Str+2}
 38142 | Elf:3    | Got Heghuorch's Secrets of Comburant Calling
 38153 | Elf:3    | Identified the +8 mace of the Trees {heavy, *Corrode rN+
                  | Int+4 SInv}
 38167 | Elf:3    | Got Zeshriv's Discursus on Metamorphosis
 38169 | Elf:3    | Identified the staff "Kaschir" {rElec rC+ Dex+2 Earth}
 38475 | Spider:1 | Entered Level 1 of the Spider Nest
 38507 | Spider:1 | Gained mutation: You sometimes lose your temper in combat.
                  | [mutagenic glow]
 38677 | Spider:1 | Reached XP level 19. HP: 116/116 MP: 29/29
 38738 | Spider:1 | Reached skill level 1 in Hexes
 38947 | Spider:1 | Reached skill level 1 in Earth Magic
 39726 | Spider:1 | Learned a level 6 spell: Statue Form
 40047 | Spider:2 | Reached skill level 5 in Earth Magic
 40311 | Spider:2 | Identified the +1 dagger "Ywnyddy" {freeze, rF+ rC- Will+
                  | Str+4}
 40796 | Spider:2 | Noticed Frances
 40808 | Spider:2 | Killed Frances
 41110 | Spider:3 | Reached skill level 10 in Invocations
 42360 | Spider:4 | Entered Level 4 of the Spider Nest
 42397 | Spider:3 | Gained mutation: You are vulnerable to heat. (rF-)
                  | [mutagenic glow]
 42905 | Spider:4 | Reached XP level 20. HP: 121/121 MP: 31/31
 43072 | Spider:4 | Noticed Arachne
 43089 | Spider:4 | Killed Arachne
 43108 | Spider:4 | Noticed Nikola
 43110 | Spider:4 | Nikola changed into Nikola the caustic shrike
 43110 | Spider:4 | Noticed Nikola
 43117 | Spider:4 | Killed Nikola the caustic shrike
 44890 | Spider:4 | Got a gossamer rune of Zot
 45064 | Swamp:1  | Entered Level 1 of the Swamp
 45064 | Swamp:1  | Noticed Louise
 45081 | Swamp:1  | Killed Louise
 45351 | Swamp:1  | You fall into a shaft and drop 1 floor!
 47490 | Swamp:3  | Lost mutation: You are clumsy. (Dex -2) [potion of
                  | mutation]
 47490 | Swamp:3  | Lost mutation: You are vulnerable to heat. (rF-) [potion of
                  | mutation]
 47490 | Swamp:3  | Lost mutation: You are weak. (Str -2) [potion of mutation]
 47737 | Swamp:4  | Entered Level 4 of the Swamp
 47820 | Swamp:4  | Reached XP level 21. HP: 128/128 MP: 33/33
 48257 | Swamp:4  | Reached skill level 10 in Poison Magic
 48265 | Swamp:4  | Got a decaying rune of Zot
 48719 | Lair:3   | Learned a level 5 spell: Yara's Violent Unravelling
 48877 | Vaults:1 | Entered Level 1 of the Vaults
 49558 | Vaults:1 | Found Recsily's General Store.
 49567 | Vaults:1 | Bought a scroll of blinking for 135 gold pieces
 49567 | Vaults:1 | Bought 6 datura-tipped darts for 97 gold pieces
 49567 | Vaults:1 | Bought a scroll of enchant weapon for 135 gold pieces
 49626 | Vaults:1 | Reached skill level 5 in Hexes
 51791 | Vaults:2 | Reached XP level 22. HP: 93/135 MP: 35/35
 51803 | Vaults:2 | Identified the ring of Balance {rN+ Dex+3}
 52008 | Vaults:2 | Noticed Margery
 52015 | Vaults:2 | Killed Margery
 52263 | Vaults:2 | Found a staircase to the Crypt.
 52263 | Vaults:2 | Found an ancient bone altar of Kikubaaqudgha.
 52263 | Vaults:2 | Found a basalt altar of Yredelemnul.
 52459 | Vaults:2 | Noticed Saint Roka
 52486 | Vaults:2 | Killed Saint Roka
 52487 | Vaults:2 | Reached skill level 10 in Evocations
 53302 | Vaults:2 | Noticed Frederick
 53311 | Vaults:2 | Killed Frederick
 53673 | Abyss:4  | Cast into level 4 of the Abyss (hell knight)
 53675 | Abyss:4  | Found a corrupted altar of Lugonu.
 53749 | Abyss:4  | Found a corrupted altar of Lugonu.
 53765 | Abyss:4  | Found a corrupted altar of Lugonu.
 53773 | Abyss:4  | Got an abyssal rune of Zot
 53921 | Vaults:2 | Escaped the Abyss
 54443 | Vaults:2 | Found Lojydy's Magic Scroll Boutique.
 54446 | Vaults:2 | Bought a scroll of fear for 56 gold pieces
 54446 | Vaults:2 | Bought a scroll of revelation for 105 gold pieces
 54446 | Vaults:2 | Bought a scroll of fear for 56 gold pieces
 54446 | Vaults:2 | Bought a scroll of fear for 56 gold pieces
 54956 | Vaults:3 | Identified the staff of the Evil Eye {*Slow rElec rC+ rN++
                  | Str+2 Air}
 55836 | Vaults:3 | You are sucked into a shaft and drop 1 floor!
 56264 | Vaults:4 | Reached XP level 23. HP: 141/141 MP: 36/36
 57859 | Depths:1 | Entered Level 1 of the Depths
 57981 | Depths:1 | Found a hide-covered altar of Uskayaw.
 57993 | Depths:1 | Paralysed by a floating eye for 4 turns
 58196 | Depths:1 | Found a gateway to Hell.
 58289 | Depths:1 | Identified the +0 robe of Idealism {rC+ Int+5}
 58656 | Depths:1 | Found a one-way gate to the infinite horrors of the Abyss.
 58726 | Depths:1 | Found a one-way gateway to a ziggurat.
 59097 | Depths:1 | Reached skill level 10 in Spellcasting
 59258 | Depths:1 | Found a hazy altar of Hepliaklqana.
 59784 | Depths:2 | Reached skill level 1 in Shields
 59988 | Depths:2 | Killed from afar by an ice dragon

Illustrated notes

Levels and vault maps discovered:
D:1:      dpeg_arrival_more_subterranean_lakeside_camping, layout_rooms,
          minmay_crystal_water, serial_bayou_pond_a
D:2:      layout_basic, minmay_hedge_maze
D:3:      layout_loops_ring, dreamdust_ecumenical_altar_statues, serial_rivers,
          chequers_serial_rivers_room_a, chequers_serial_rivers_small_b,
          chequers_serial_rivers_micro_b, chequers_serial_rivers_small_3,
          chequers_serial_rivers_large_b, amcnicky_mini_pool_small,
          hangedman_decor_points, uniq_sigmund
D:4:      layout_gridville, palyth_temple_overflow_mages,
          grunt_temple_overflow_diamond, uniq_menkaure
D:5:      layout_loops_ring, lemuel_coloured_pillars_altar,
          nicolae_alphabet_shops, minmay_misc_feat_hallway
D:6:      layout_rooms, grunt_qazlal_clouds, uniq_eustachio, uniq_edmund
D:7:      layout_gridville, mainiacjoe_overflow_small_starburst,
          mainiacjoe_overflow_cross_hatched, minmay_temple_entry_mini_moons,
          gup_ossuary_entry_pyramid, enter_bailey_3, minmay_small_thing,
          uniq_duvessa
D:8:      layout_basic, serial_corexii_hall, corexii_hall_statues_l,
          chequers_hall_statues_y, minmay_fractal_squares_5
D:9:      layout_roguey, ebering_ghost_funeral_grove, minivault_25
D:10:     layout_gridville
D:11:     layout_stronghold, lair_entry_dummy, fedhas_ov_isle_minmay
D:12:     layout_stronghold, orc_0_dummy, chequers_decorated_corner,
          patterned_corridor
D:13:     layout_basic, uniq_maurice
D:14:     layout_irregular_city, david_vaults_2, reono_crystal_passage
D:15:     gammafunk_enter_depths_forms, layout_irregular_city,
          hangedman_abyss_or_decor_slice, lightli_airlock
Temple:   chequers_temple_sunken
Lair:1:   layout_small_grid, portal_ice_cave_rime, minivault_27,
          lemuel_fruit_fields
Lair:2:   layout_loops_ring, hellmonk_spider_entry_life_and_decay,
          minmay_lair_oklob_items, minmay_holes
Lair:3:   layout_regular_city, minmay_swamp_entry_wisps,
          nicolae_volcano_entry_vermiform, nicolae_quartered_pool_super,
          lemuel_fruit_tree, uniq_kirke
Lair:4:   layout_gridlike, serial_rivers, chequers_serial_rivers_large_a,
          chequers_serial_rivers_small_b, chequers_serial_rivers_small_3,
          chequers_serial_rivers_micro_d, chequers_serial_rivers_room_a,
          minmay_shattered_shrine
Lair:5:   minmay_lair_end_frog_pond, layout_small_grid, slime_entry_1,
          infiniplex_staircase_pool_2
Swamp:1:  layout_basic_swamp, nicolae_swamp_big_swirl, uniq_louise
Swamp:2:  layout_falls_marsh, nicolae_swamp_oxbows
Swamp:3:  layout_falls_marsh, evilmike_swamp_ruin_house_5, kb_tengu_band
Swamp:4:  swamp_basic_johnstein, layout_basic_swamp, swamp_pool5
Spider:1: layout_spider_delve
Spider:2: layout_spider_delve, nicolae_spider_world_wide_web, uniq_frances
Spider:3: layout_spider_delve, nicolae_spider_swamp_cousins
Spider:4: spider_rune_water, nicolae_orb_stairs, uniq_nikola, uniq_arachne
Orc:1:    layout_caves, mines_bat_river
Orc:2:    kennysheep_orc_mage_school, layout_caves, minmay_orc_temple_c
Elf:1:    elf_arrival_002, layout_geoelf_grid, serial_shops, shop,
          minmay_elf_annihilation, hangedman_elf_power_crystal,
          grunt_megastairs_5
Elf:2:    elven_hall_of_blades_hangedman_alternative
          [nooodl_blade_entry_preview], layout_loops_cross,
          serial_co_window_serial, co_window_paths_a, co_window_corner_a,
          co_window_paths_b, co_window_paths_b, co_window_paths_b,
          co_window_of_opportunity_a, co_window_paths_a, co_window_corner_b,
          co_window_corner_b, co_window_2corner, glass_columns_c,
          glass_columns_c, glass_columns_b, glass_columns_a, basic_altar,
          uniq_zenata, uniq_agnes
Elf:3:    grunt_elf_hall_diamonds, layout_geoelf_diagonals, uniq_donald
Vaults:1: nicolae_vaults_trapezoid_3, hangedman_vaults_cutoff,
          nicolae_vaults_little_squares_1, nicolae_vaults_oval_intersection,
          nicolae_vaults_house_1, v_rooms_4, ontoclasm_vaults_chip,
          nicolae_vaults_trapezoid_lopsided_4, grunt_vaults_hallway_short,
          v_misc_15, v_pattern_2, nicolae_vaults_network_quinsquares
          [nicolae_vaults_network_quincunx_subvault,
          nicolae_vaults_network_quincunx_subvault,
          nicolae_vaults_network_quincunx_subvault,
          nicolae_vaults_network_quincunx_subvault], vaults_dpeg_ring,
          nicolae_vaults_offset_grid_hallway_3, layout_vaults_omnibox,
          serial_shops, shop
Vaults:2: nicolae_vaults_storage_room_doors, nicolae_vaults_turnstiles,
          minmay_crypt_entry_necro_gods, nicolae_vaults_trapezoid_4, v_misc_23,
          nicolae_vaults_two_Ls, nicolae_vaults_triangles,
          ontoclasm_vaults_spin, nicolae_vaults_diamond_2, v_misc_30,
          nicolae_vaults_alarming, v_misc_9, layout_vaults_maze_snakey,
          serial_shops, nicolae_shop_rolled_up, uniq_frederick, uniq_saint_roka,
          uniq_margery
Vaults:3: v_pattern_1, nicolae_vaults_tetromino_Z_2, nicolae_vaults_trapezoid_1,
          vaults_mumra_minichess, nicolae_vaults_disjoint_gnomons,
          vaults_dpeg_emergency_exit, ontoclasm_vaults_eye,
          nicolae_vaults_shrinking_rooms_1, nicolae_vaults_mini_display_case,
          nicolae_vaults_diagonal_hallway_7, ontoclasm_vaults_idyll,
          nicolae_vaults_antechamber_and_loot_room,
          nicolae_vaults_tetromino_T_2, layout_vaults_ring
Vaults:4: nicolae_vaults_hallways_thing, v_misc_10, vaults_room_pool,
          hangedman_vaults_hat, nicolae_vaults_diamond_1,
          vaults_room_grunt_arrival_ludios, vaults_room_stairs_pillars,
          nicolae_vaults_cochlea, ontoclasm_vaults_gateway,
          nicolae_vaults_weapon_check, v_rooms_5, v_misc_8,
          dpeg_vaults_monster_box, nicolae_vaults_double_plus_1,
          layout_vaults_big_room
Depths:1: nooodl_glass_maze, layout_gridlike, enter_ziggurat_f,
          nzn_hepliaklqana_mist_gate, nicolae_abyss_entry_one_way_or_another,
          hell_entry, nicolae_uskayaw_suspiria
Depths:2: abrahamwl_protected_by_tso_3, layout_gridville, hell_entry,
          rand_demon_pan_entry_1, roderic_lattice_a,
          infiniplex_staircase_hallway_doors

Skill      XL: |  1  2  3  4  5  6  7  8  9 10 11 12 13 14 15 16 17 18 19 20 21 22 23 |
---------------+----------------------------------------------------------------------+-----
Fighting       | 4 5 6 7 8 9 10 11 12 13 | 13.6
Dodging        | 4 5 6 7 8 9 10 11 12 13 | 13.4
Stealth        | 3 4 5 7 8 10 11 13 14 15 16 17 18 19 | 19.8
Unarmed Combat | 4 5 6 7 8 9 10 11 12 13 | 13.2
Transmutations | 1 3 4 5 7 9 11 16 17 18 19 | 19.6
Conjurations   | 2 3 5 6 8 9 10 11 12 | 12.6
Spellcasting   | 2 3 4 5 6 7 8 9 10 | 10.1
Invocations    | 2 4 5 7 8 9 10 11 12 | 12.6
Evocations     | 2 4 5 6 7 8 9 10 11 | 11.2
Throwing       | 2 3 4 6 7 8 9 |  9.8
Poison Magic   | 3 6 8 9 10 11 12 | 12.0
Hexes          | 2 4 5 |  5.0
Earth Magic    | 7 8 9 |  9.0
Shields        | 1 |  1.4

Action                     |  1- 3 |  4- 6 |  7- 9 | 10-12 | 13-15 | 16-18 | 19-21 | 22-24 || total
---------------------------+-------+-------+-------+-------+-------+-------+-------+-------++-------
  Melee: Unarmed           |    56 |    42 |   243 |   213 |   646 |   690 |   883 |   465 ||  3238
         Constrict         |    13 |     8 |    63 |    37 |    80 |    16 |    75 |    30 ||   322
         Tentacles         |    14 |    12 |    91 |   104 |   222 |    24 |   159 |    61 ||   687
         Punch             |     1 |     1 |    16 |    23 |    83 |    56 |    76 |    52 ||   308
         Dagger            |       |       |       |    65 |       |       |       |       ||    65
         Staff             |       |       |       |     7 |       |       |       |       ||     7
         Tailslap          |       |       |       |       |    19 |   122 |    91 |    76 ||   308
         Bite              |       |       |       |       |    11 |    70 |    59 |    43 ||   183
         Kick              |       |       |       |       |       |     3 |   255 |    80 ||   338
  Throw: Dart              |       |    12 |    18 |   265 |   379 |    10 |       |       ||   684
   Cast: Irradiate         |       |       |       |     8 |    78 |    55 |    24 |    16 ||   181
         Dragon Form       |       |       |       |       |    14 |    84 |    46 |    40 ||   184
         Eringya's Noxious |       |       |       |       |       |     3 |       |       ||     3
         Alistair's Intoxi |       |       |       |       |       |     1 |       |       ||     1
         Statue Form       |       |       |       |       |       |       |    35 |    10 ||    45
         Yara's Violent Un |       |       |       |       |       |       |       |     3 ||     3
 Invoke: Recall Ancestor   |       |       |     2 |    16 |     7 |    16 |     4 |     2 ||    47
         Ancestor Life: Kn |       |       |     1 |       |       |       |       |       ||     1
         Transference      |       |       |       |     1 |       |     1 |       |     1 ||     3
         Idealise          |       |       |       |     2 |       |     5 |     1 |     2 ||    10
Ability: Breathe Fire      |       |       |       |       |     4 |    35 |     7 |     5 ||    51
  Evoke: Wand              |       |       |    19 |    11 |     4 |     3 |     7 |     5 ||    49
         Condenser vane    |       |       |       |       |       |       |     1 |       ||     1
    Use: Potion            |     4 |       |     8 |     4 |       |    15 |     2 |     6 ||    39
         Scroll            |       |     6 |     6 |     4 |     4 |     9 |     4 |     3 ||    36
   Stab: Sleeping          |     2 |     8 |     7 |     7 |     9 |     7 |     4 |     4 ||    48
         Distracted        |       |       |     1 |     4 |     3 |     5 |    15 |     9 ||    37
 Armour: Skin              |     4 |       |     5 |    10 |    63 |   213 |   384 |   130 ||   809
  Dodge: Dodged            |    43 |    25 |   211 |   246 |   634 |   494 |  1145 |   374 ||  3172
  Block: Other             |       |       |       |       |       |     7 |    90 |    61 ||   158
         Reflection        |       |       |       |       |       |     2 |     1 |     8 ||    11
         Orb               |       |       |       |       |       |       |   154 |    47 ||   201

Table legend: (Time is in decaauts)
 A = Elapsed time spent in this place.
 B = Non-inter-level travel time spent in this place.
 C = Inter-level travel time spent in this place.
 D = Time resting spent in this place.
 E = Time spent auto-exploring this place.
 F = Levels seen in this place.
 G = Mean time per level.
                   A        B        C        D        E       F      G
               +--------+--------+--------+--------+--------+-----+--------+
         Total |  60992 |  58017 |   2975 |  11181 |  33961 |  46 | 1325.9 |
       Dungeon |  16922 |  15676 |   1246 |   2432 |  10398 |  15 | 1128.1 |
        Temple |     47 |     47 |      0 |      0 |      0 |   1 |   47.0 |
          Lair |   8733 |   8149 |    584 |   1553 |   4224 |   5 | 1746.6 |
         Swamp |   3926 |   3795 |    131 |    608 |   2460 |   4 |  981.5 |
   Spider Nest |   6854 |   6704 |    150 |   1785 |   3480 |   4 | 1713.5 |
  Orcish Mines |   2689 |   2231 |    458 |    344 |   1444 |   2 | 1344.5 |
   Elven Halls |   7262 |   7065 |    197 |   2268 |   3180 |   3 | 2420.7 |
        Vaults |   9131 |   8938 |    193 |   1355 |   6231 |   4 | 2282.8 |
        Depths |   2187 |   2174 |     13 |     54 |   1775 |   2 | 1093.5 |
         Abyss |    686 |    686 |      0 |    136 |     50 |   3 |  228.7 |
       Ossuary |    120 |    120 |      0 |      0 |      0 |   1 |  120.0 |
        Bailey |    509 |    509 |      0 |    156 |    233 |   1 |  509.0 |
      Ice Cave |   1921 |   1921 |      0 |    486 |    486 |   1 | 1921.0 |
               +--------+--------+--------+--------+--------+-----+--------+

Top non-repeatable levels by time:
   Elf:2: 3093 daAuts
Vaults:2: 2994 daAuts
Vaults:1: 2748 daAuts
  Lair:4: 2738 daAuts
Spider:4: 2470 daAuts
   Elf:3: 2342 daAuts
  Lair:3: 1922 daAuts
   IceCv: 1921 daAuts
     D:9: 1878 daAuts
   Orc:2: 1870 daAuts
   Elf:1: 1826 daAuts
Vaults:4: 1802 daAuts
Spider:3: 1606 daAuts
Vaults:3: 1586 daAuts
Depths:1: 1549 daAuts
